Map: Ever Dream LE

Players

SpeCial

  • Race: Terran Terran
  • League: Diamond
  • Spawn Location: 7:00

LiquidClem (Clem) - Winner!

  • Race: Terran Terran
  • League: Bronze
  • Spawn Location: 1:00

Event: DreamHack SC2 Masters 2020 Fall

VOD

Have the link to the VOD?

Description

Time

  • Played on: Sept. 17, 2020, 11:48 a.m.
  • Length: 8:15

All games in this series

Show
View Real Time Build Order
Export as new Build Order

SpeCial Terran 

Build Orders: 2 Factory, Cyclone Opening, Mech 

Get SALT Encoding   

  12  0:00  SCV  
  13  0:13  SCV  
  14  0:18  Supply Depot  
  14  0:25  SCV  
  15  0:40  SCV, Barracks  
  16  0:46  Refinery  
  16  0:52  SCV  
  16  0:56  Refinery  
  17  1:04  SCV  
  18  1:16  SCV  
  19  1:28  Reaper, Orbital Command  
  20  1:41  Supply Depot  
  20  1:45  Factory  
  20  1:54  SCV  
  20  2:00  Reaper  
  22  2:06  SCV  
  23  2:18  SCV  
  24  2:25  Command Center  
  24  2:30  SCV  
  24  2:31  Factory Tech Lab  
  25  2:42  SCV  
  26  2:50  Cyclone  
  28  2:53  Supply Depot  
  28  2:54  SCV  
  29  3:00  Factory  
  29  3:07  SCV  
  29  3:11  Marine  
  30  3:22  Cyclone  
  30  3:26  SCV  
  32  3:38  SCV  
  32  3:45  Factory Tech Lab  
  32  3:50  SCV  
  32  3:55  Refinery  
  33  3:58  Cyclone, Refinery  
  37  4:02  SCV  
  37  4:04  Orbital Command  
  37  4:08  Mag-Field Accelerator  
  37  4:12  Cyclone  
  37  4:15  SCV  
  41  4:27  SCV  
  42  4:33  Cyclone  
  42  4:35  SCV  
  43  4:39  SCV  
  41  4:47  SCV  
  41  4:51  SCV, Cyclone  
  46  4:56  Command Center  
  46  4:59  SCV  
  47  5:05  Cyclone  
  47  5:12  SCV x2  
  44  5:24  SCV, Cyclone  
  44  5:25  SCV  
  47  5:33  Barracks  
  47  5:36  SCV  
  47  5:38  Starport  
  48  5:43  SCV  
  48  5:49  SCV, Widow Mine  
  52  5:55  SCV  
  53  5:59  Supply Depot  
  53  6:01  SCV  
  54  6:07  SCV  
  54  6:16  Starport Reactor  
  54  6:19  SCV x2, Widow Mine, Siege Tank  
  54  6:23  Orbital Command  
  61  6:31  SCV x2  
  63  6:39  Factory  
  63  6:40  Siege Tank  
  63  6:43  SCV x2  
  68  6:51  SCV  
  69  6:54  Liberator x2  
  69  6:55  SCV x2  
  69  6:57  Supply Depot  
  77  7:01  Supply Depot  
  77  7:11  Armory  
  77  7:19  SCV x3, Siege Tank  
  83  7:25  Supply Depot  
  83  7:26  Supply Depot  
  83  7:29  Siege Tank  
  86  7:30  Factory Reactor  
  86  7:31  SCV x3  
  89  7:43  SCV x3  
  85  7:55  SCV x2  
  91  7:59  SCV  
Show
View Real Time Build Order
Export as new Build Order

LiquidClem Terran - Winner!

Build Orders:  

Get SALT Encoding   

  12  0:00  SCV  
  13  0:12  SCV  
  14  0:17  Supply Depot  
  14  0:24  SCV  
  15  0:29  Refinery  
  15  0:38  SCV  
  16  0:44  Barracks  
  16  0:50  SCV  
  16  0:54  Refinery  
  17  1:03  SCV  
  18  1:15  SCV  
  19  1:30  Orbital Command  
  19  1:31  Reaper  
  20  1:34  Factory  
  20  1:42  Supply Depot  
  20  1:57  SCV  
  21  2:03  Reaper  
  22  2:09  SCV  
  23  2:18  Hellion  
  23  2:21  SCV, Supply Depot  
  26  2:33  SCV  
  26  2:35  Marine  
  28  2:40  Hellion  
  28  2:42  Starport  
  30  2:45  SCV  
  31  2:53  Reaper  
  32  2:59  Command Center  
  32  3:02  SCV  
  32  3:04  Factory Tech Lab  
  33  3:18  SCV  
  33  3:19  Starport Tech Lab  
  34  3:25  Cyclone  
  36  3:30  Barracks Reactor  
  36  3:33  SCV  
  35  3:39  Refinery  
  35  3:40  Banshee  
  38  3:44  Supply Depot  
  38  3:49  SCV  
  39  4:01  SCV  
  39  4:05  Cyclone  
  42  4:12  Marine x2  
  42  4:14  SCV  
  42  4:16  Orbital Command  
  45  4:26  SCV  
  45  4:30  Raven  
  47  4:34  Marine  
  47  4:35  Marine  
  47  4:38  SCV  
  47  4:43  SCV  
  47  4:44  Supply Depot  
  48  4:47  Siege Tank  
  48  4:50  SCV  
  52  4:53  Marine x2  
  52  4:55  SCV  
  53  5:02  SCV  
  54  5:07  SCV  
  54  5:14  SCV, Marine x2  
  51  5:19  SCV  
  54  5:23  Command Center  
  54  5:24  Siege Tank  
  54  5:26  SCV  
  55  5:31  SCV  
  56  5:38  SCV  
  56  5:42  Barracks  
  57  5:43  SCV, Barracks  
  57  5:44  Marine  
  57  5:45  Starport Tech Lab  
  57  5:46  Stimpack  
  59  5:50  SCV  
  59  5:54  Supply Depot  
  59  5:55  SCV  
  61  5:59  Siege Tank  
  61  6:02  SCV, Marine  
  66  6:06  Refinery  
  66  6:09  SCV  
  66  6:10  Engineering Bay  
  67  6:13  Engineering Bay  
  67  6:15  SCV, Starport Reactor  
  67  6:20  Supply Depot  
  67  6:24  SCV, Marauder  
  70  6:30  Marine x2  
  70  6:31  Siege Tank  
  75  6:34  SCV  
  75  6:35  Orbital Command  
  75  6:37  SCV, Supply Depot  
  75  6:39  Combat Shield  
  77  6:41  Marauder  
  79  6:48  Marauder  
  79  6:49  SCV  
  79  6:50  SCV  
  79  6:52  Marine  
  79  6:53  Marine  
  85  6:55  Orbital Command  
  85  6:59  Medivac x2  
  89  7:02  Marauder  
  89  7:04  SCV  
  89  7:05  SCV, Supply Depot  
  93  7:10  Missile Turret  
  93  7:13  Missile Turret, Marine x2  
  95  7:18  Siege Tank  
  95  7:20  SCV  
  99  7:25  Marauder  
  99  7:26  Marauder  
  99  7:29  SCV x2  
  105  7:34  Marine  
  105  7:35  Supply Depot  
  105  7:36  SCV  
  107  7:41  SCV  
  107  7:43  Marine  
  105  7:47  SCV  
  105  7:49  Barracks  
  103  7:51  Marauder  
  103  7:52  Barracks  
  103  7:53  Marauder  
  103  7:55  Marine  

Tags
 
Add a new tag
Caveats
  • Supply blocks, unpowered buildings, or Contaminate may cause inaccurate times.
  • Supply counts are checked every 10 seconds.